 Dungeon Crawl Stone Soup version 0.28.0 (webtiles) character file.

Game seed: 660942859090682947

14550 danielguo94 the Basher (level 12, -35/73 HPs)
             Began as a Gargoyle Fighter on Feb 8, 2022.
             Was an Elder of the Shining One.
             Killed from afar by an efreet (37 damage)
             ... with a bolt of fire
             ... on level 1 of the Abyss.
             The game lasted 00:21:11 (13654 turns).

danielguo94 the Basher (Gargoyle Fighter)          Turns: 13654, Time: 00:21:13

Health: -35/73     AC: 36    Str: 22    XL:     12   Next: 17%
Magic:  26/26      EV: 11    Int: 10    God:    the Shining One [****..]
Gold:   22         SH:  6    Dex: 17    Spells: 11/11 levels left

rFire   . . .      SeeInvis .   N - +2 flail (protect)
rCold   . . .      Faith    .   c - +0 buckler
rNeg    + + +      Spirit   .   P - +2 scale mail "Jeloc" {rCorr MP+9}
rPois   ∞          Reflect  .   O - +2 hat {Stlth+}
rElec   +          Harm     .   I - +0 cloak
rCorr   +          Rampage  .   (no gloves)
Will    .....                   f - +2 pair of boots
Stlth   +.........              (no amulet)
HPRegen 0.22/turn               u - +4 ring of protection
MPRegen 0.20/turn               B - +6 ring of dexterity

@: under a protective aura, glowing
A: sickness immunity, AC +8, negative energy resistance 1, electricity
resistance, torment resistance 1, petrification resistance
a: Renounce Religion, Divine Shield, Cleansing Flame


You were on level 1 of the Abyss.
You worshipped the Shining One.
The Shining One was greatly pleased with you.
You visited 2 branches of the dungeon, and saw 12 of its levels.
You visited the Abyss 1 time.

You collected 580 gold pieces.
You spent 558 gold pieces at shops.

Inventory:

Hand Weapons
 y - a +0 morningstar
 N - a +2 flail of protection (weapon)
Missiles
 e - 3 silver boomerangs
 h - 2 throwing nets
 k - 335 stones
 m - 5 javelins
 r - 23 poisoned darts
 x - 6 boomerangs
 K - 3 curare-tipped darts
 T - 3 datura-tipped darts
Armour
 c - a +0 buckler (worn)
 f - a +2 pair of boots (worn)
 p - a +0 helmet
 I - a +0 cloak (worn)
 O - a +2 hat of stealth (worn)
 P - the +2 scale mail "Jeloc" (worn) {rCorr MP+9}
   (You found it on level 11 of the Dungeon)

   MP:        It affects your magic capacity (+9).
   rCorr:     It protects you from acid and corrosion.
Jewellery
 u - a +4 ring of protection (left hand)
 A - a ring of fire
 B - a +6 ring of dexterity (right hand)
 D - a ring of resist corrosion
Wands
 s - a wand of flame (49)
 w - a wand of paralysis (5) (quivered)
 C - a wand of polymorph (9)
Scrolls
 d - a scroll of brand weapon {unknown}
 i - 5 scrolls of teleportation
 j - 2 scrolls of immolation
 l - 4 scrolls of magic mapping
 o - a scroll of summoning {unknown}
 F - 3 scrolls of fog
 H - a scroll of vulnerability {unknown}
 L - a scroll of enchant armour {unknown}
 S - 2 scrolls of fear
Potions
 b - 3 potions of heal wounds
 g - 5 potions of mutation
 q - 2 potions of berserk rage
 t - a potion of magic
 v - a potion of lignification
 z - 2 potions of haste
 E - a potion of attraction
 G - a potion of cancellation {unknown}
 J - a potion of brilliance {unknown}
 M - a potion of resistance {unknown}
 Q - a potion of ambrosia
 R - 2 potions of might


   Skills:
 + Level 7.7 Fighting
 * Level 14.3 Maces & Flails
 + Level 8.6 Armour
 + Level 3.2 Dodging
 + Level 5.8 Shields
 * Level 7.0 Invocations
 + Level 1.1 Evocations


You had 11 spell levels left.
You didn't know any spells.
Your spell library contained the following spells:

 Spells                   Type           Power      Damage    Failure   Level
 Freeze                   Ice            0%         1d3       73%         1
 Scorch                   Fire           0%         2d5       86%         2
 Frozen Ramparts          Ice            0%         1d2       97%         3
 Inner Flame              Hex/Fire       0%         N/A       97%         3
 Portal Projectile        Hex/Tloc       0%         N/A       97%         3
 Cause Fear               Hex            0%         N/A       100%        4
 Flame Wave               Conj/Fire      0%         2d4       100%        4
 Hailstorm                Conj/Ice       0%         3d3       100%        4
 Passage of Golubria      Tloc           0%         N/A       100%        4
 Blade Hands              Tmut           0%         N/A       100%        5
 Excruciating Wounds      Necr           0%         N/A       100%        5
 Silence                  Hex/Air        0%         N/A       100%        5
 Summon Cactus Giant      Summ           0%         N/A       100%        6
 Malign Gateway           Summ/Tloc      0%         N/A       100%        7
 Discord                  Hex            0%         N/A       100%        8
 Lehudib's Crystal Spear  Conj/Erth      0%         10d2      100%        8
 Summon Horrible Things   Summ           0%         N/A       100%        8


Dungeon Overview and Level Annotations

Branches:
Dungeon (11/15)            Temple (0/1) D:7            Lair (1/6) D:11
    Orc: D:9-12

Altars:
Cheibriados
Dithmenos
Elyvilon
Fedhas
Gozag
Hepliaklqana
Kikubaaqudgha
Qazlal
Ru
Trog
Vehumet
Wu Jian
The Shining One

Shops:
D:2 *   D:11 !(***

Portals:
Trove: D:10 (give +3 fire dragon scales)

Annotations:
D:8 exclusion: ice statue
D:11 2 transporters
Lair:1 Urug


Innate Abilities, Weirdness & Mutations

You are immune to sickness and miasma.
Your stone body is resilient. (AC +8)
You are immune to poison.
You resist negative energy. (rN+)
You are resistant to electric shocks. (rElec)
You are resistant to unholy torment.
You are immune to petrification.


Message History

Your weapon exudes an aura of protection.
The efreet gestures at you.
The fireball explodes!
The fireball engulfs you!!
* * * LOW HITPOINT WARNING * * *
The fireball engulfs the efreet.
The efreet completely resists.
You are too injured to fight recklessly!
You are too injured to fight recklessly!
You are too injured to fight recklessly!
You are too injured to fight recklessly!
You are too injured to fight recklessly!
You hit the efreet.
The efreet is lightly wounded.
The efreet gestures at you.
The fireball explodes!
The fireball engulfs you!
* * * LOW HITPOINT WARNING * * *
The fireball engulfs the efreet.
The efreet completely resists.
You hit the efreet but do no damage.
The efreet is lightly wounded.
You completely miss the efreet.
The efreet is lightly wounded.
The efreet hits you but does no damage.
You hit the efreet.
The efreet is moderately wounded.
The efreet gestures at you. The bolt of fire misses you.
You hit the efreet.
The efreet is moderately wounded.
The efreet misses you.
You hit the efreet but do no damage.
The efreet is moderately wounded.
You hit the efreet but do no damage.
The efreet is moderately wounded.
The efreet barely misses you.
You sock the efreet!
The efreet is heavily wounded.
A rakshasa comes into view. It is wielding a +0 whip.
The efreet gestures at you. The bolt of fire hits you!!!
Ouch! That really hurt!
You die...

... ... .. ####
##.....
##...###.#...
..#.....#......
.R......R..#....#
##....@#..# # #
##...###...# ##.#
#. # #.. ..# #..
... .... ..R○
.##. .#.. ## ##.


You could see a rakshasa and an efreet.

Vanquished Creatures
  Gastronok (D:10)
  A tentacled starspawn (Abyss:1)
  Josephine (D:10)
  Harold (D:10)
  A two-headed ogre (D:11)
  An ugly thing (D:8)
  2 cyclopes (D:9)
  A gargoyle (D:8)
  Psyche (D:8)
  2 unseen horrors (D:11)
  A komodo dragon (D:11)
  A troll (D:9)
  Grinder (D:6)
  2 vampires
  4 wraiths
  8 yaks
  Grum (D:10)
  A basilisk (D:10)
  4 vampire mosquitoes (D:11)
  2 wargs (D:11)
  An acid dragon (D:11)
  A water moccasin (D:6)
  2 orc warriors (D:9)
  2 black bears
  4 ogres
  2 necrophages (D:7)
  7 centaurs
  4 wolves
  2 phantoms
  A kobold brigand (D:10)
  3 wyvern zombies
  2 gnoll sergeants
  3 bullfrogs
  A scorpion (D:7)
  10 wights (D:10)
  3 electric eels (D:8)
  10 howler monkeys
  6 centaur zombies
  A hound (D:5)
  3 jellies
  A gnoll shaman (D:4)
  6 orc priests
  A centaur skeleton (D:7)
  A bullfrog skeleton (D:6)
  An iron imp (Abyss:1)
  2 iguanas
  11 orc wizards
  2 killer bee zombies
  A hound skeleton (D:4)
  A howler monkey zombie (D:9)
  20 gnolls
  7 adders
  2 shadow imps (D:6)
  A white imp (D:8)
  5 worms
  2 dart slugs (D:3)
  32 orcs
  7 ball pythons
  6 endoplasms
  4 giant cockroaches
  8 goblins
  13 hobgoblins
  3 jackals
  18 kobolds
  2 quokkas
  3 bats (D:1)
  2 frilled lizards (D:1)
  4 rats
  2 starspawn tentacles (Abyss:1)
273 creatures vanquished.

Vanquished Creatures (others)
  24 fungi (D:5)
  13 plants
  2 starspawn tentacles (Abyss:1)
39 creatures vanquished.

Grand Total: 312 creatures vanquished

Notes
Turn   | Place    | Note
-------+----------+-------------------------------------------
     0 | D:1      | danielguo94 the Gargoyle Fighter began the quest for the
                  | Orb.
     0 | D:1      | Reached XP level 1. HP: 14/14 MP: 1/1
   160 | D:1      | Reached XP level 2. HP: 19/19 MP: 2/2
   293 | D:1      | Found a faded altar of an unknown god.
   650 | D:2      | Found an opulent altar of Gozag.
   682 | D:2      | Reached XP level 3. HP: 23/23 MP: 3/3
   795 | D:2      | Found Weph's General Store.
   802 | D:2      | Bought a potion of curing for 30 gold pieces
   843 | D:2      | Reached skill level 3 in Maces & Flails
   967 | D:2      | Reached XP level 4. HP: 28/28 MP: 4/4
  1597 | D:3      | Noticed an ogre
  1696 | D:3      | Reached skill level 4 in Maces & Flails
  1696 | D:3      | Reached XP level 5. HP: 16/33 MP: 5/5
  2139 | D:4      | Found a radiant altar of Vehumet.
  2675 | D:4      | Found a shadowy altar of Dithmenos.
  3063 | D:4      | Reached XP level 6. HP: 38/38 MP: 6/6
  3339 | D:4      | Identified the +10 glaive "Penuss" {vorpal, rF- Str+2 SInv}
  3553 | D:5      | Entered Level 5 of the Dungeon
  3565 | D:5      | Reached skill level 5 in Maces & Flails
  3849 | D:5      | Reached XP level 7. HP: 36/43 MP: 7/7
  3959 | D:5      | Reached skill level 6 in Maces & Flails
  3985 | D:5      | Reached skill level 1 in Dodging
  4155 | D:5      | Noticed a wraith
  4177 | D:5      | Killed a wraith
  4229 | D:5      | Reached skill level 7 in Maces & Flails
  4236 | D:5      | Reached XP level 8. HP: 14/48 MP: 8/8
  4575 | D:3      | Found a glowing golden altar of the Shining One.
  4579 | D:3      | Became a worshipper of the Shining One
  4614 | D:3      | You fall into a shaft and drop 1 floor!
  4728 | D:3      | Reached skill level 5 in Armour
  4810 | D:3      | Found a stormy altar of Qazlal.
  5637 | D:6      | Found a sacrificial altar of Ru.
  5652 | D:6      | Reached skill level 8 in Maces & Flails
  5663 | D:6      | Noticed Grinder
  5668 | D:6      | Paralysed by Grinder for 2 turns
  5673 | D:6      | Killed Grinder
  5674 | D:6      | Reached skill level 1 in Evocations
  5740 | D:6      | Reached skill level 9 in Maces & Flails
  5831 | D:6      | Reached XP level 9. HP: 50/52 MP: 9/9
  6101 | D:6      | Reached skill level 1 in Invocations
  6411 | D:7      | Found a staircase to the Ecumenical Temple.
  6497 | D:7      | Reached * piety under the Shining One
  6661 | D:7      | Reached skill level 10 in Maces & Flails
  6700 | D:7      | Found an ornate altar of the Wu Jian Council.
  6919 | D:7      | Reached skill level 5 in Fighting
  7002 | D:7      | Found an ancient bone altar of Kikubaaqudgha.
  7426 | D:8      | Noticed an ice devil
  7430 | D:8      | Noticed an ice devil
  7430 | D:8      | Noticed an ice devil
  7434 | D:8      | Noticed an ice devil
  7435 | D:8      | Noticed an ice devil
  7435 | D:8      | Reached ** piety under the Shining One
  7435 | D:8      | Noticed an ice devil
  7437 | D:8      | Noticed an ice statue
  7563 | D:8      | Noticed Psyche
  7850 | D:8      | Killed Psyche
  7896 | D:8      | Reached XP level 10. HP: 30/60 MP: 12/12
  8056 | D:8      | Found a hazy altar of Hepliaklqana.
  8067 | D:8      | Reached skill level 11 in Maces & Flails
  8215 | D:8      | Noticed a gargoyle
  8233 | D:8      | Killed a gargoyle
  8274 | D:8      | Found a bloodstained altar of Trog.
  8277 | D:8      | Found a snail-covered altar of Cheibriados.
  8279 | D:8      | Found an opulent altar of Gozag.
  8672 | D:9      | Noticed a cyclops
  8693 | D:9      | Killed a cyclops
  9105 | D:9      | Noticed a cyan ugly thing
  9105 | D:9      | Noticed a cyclops
  9156 | D:8      | Killed a cyan ugly thing
  9157 | D:8      | Reached skill level 12 in Maces & Flails
  9729 | D:10     | Entered Level 10 of the Dungeon
  9825 | D:10     | Reached *** piety under the Shining One
  9886 | D:10     | Noticed Grum
  9913 | D:10     | Killed Grum
  9930 | D:10     | Found a white marble altar of Elyvilon.
  9968 | D:10     | Noticed Gastronok
 10261 | D:10     | Noticed Josephine
 10272 | D:10     | Noticed Harold
 10276 | D:10     | Killed Josephine
 10277 | D:10     | Reached skill level 5 in Shields
 10277 | D:10     | Reached skill level 5 in Invocations
 10277 | D:10     | Reached XP level 11. HP: 38/66 MP: 14/14
 10307 | D:10     | Reached skill level 13 in Maces & Flails
 10711 | D:10     | Killed Gastronok
 10929 | D:10     | Found a blossoming altar of Fedhas.
 11009 | D:10     | Killed Harold
 11076 | D:10     | Reached **** piety under the Shining One
 11235 | D:10     | Found a portal to a secret trove of treasure.
 11372 | D:9      | Killed a cyclops
 12396 | D:11     | Found Imuiplob's Distillery.
 12403 | D:11     | Found a transporter.
 12403 | D:11     | Noticed a boulder beetle
 12413 | D:11     | Identified the +2 scale mail "Jeloc" {rCorr MP+9}
 12436 | D:11     | Bought a potion of heal wounds for 80 gold pieces
 12436 | D:11     | Bought a potion of degeneration for 16 gold pieces
 12437 | D:11     | Bought a potion of berserk rage for 80 gold pieces
 12437 | D:11     | Bought a potion of ambrosia for 128 gold pieces
 12437 | D:11     | Bought a potion of might for 64 gold pieces
 12437 | D:11     | Found a transporter.
 12437 | D:11     | Noticed a boulder beetle
 12486 | D:11     | Found Gilecul's Weapon Shop.
 12494 | D:11     | Bought 3 datura-tipped darts for 16 gold pieces
 12558 | D:11     | Found Otica's General Store.
 12564 | D:11     | Bought a scroll of identify for 34 gold pieces
 12564 | D:11     | Bought a scroll of fear for 59 gold pieces
 12564 | D:11     | Bought a scroll of teleportation for 51 gold pieces
 12572 | D:11     | Found Caesiudo's General Store.
 12835 | D:11     | Reached skill level 14 in Maces & Flails
 12849 | D:11     | Found Virhadein's General Store.
 12869 | D:11     | Reached XP level 12. HP: 66/72 MP: 17/17
 12901 | D:11     | Found a staircase to the Lair.
 13096 | D:11     | Noticed a two-headed ogre
 13108 | D:11     | Killed a two-headed ogre
 13463 | Lair:1   | Entered Level 1 of the Lair of Beasts
 13517 | Lair:1   | Noticed Urug
 13529 | Lair:1   | Cast into level 1 of the Abyss (Urug)
 13529 | Abyss:1  | Found a corrupted altar of Lugonu.
 13603 | Abyss:1  | Noticed a tentacled starspawn
 13616 | Abyss:1  | Killed a tentacled starspawn
 13647 | Abyss:1  | HP: 1/73 [efreet/fireball (17)]
 13654 | Abyss:1  | Noticed a rakshasa
 13654 | Abyss:1  | Killed from afar by an efreet

Illustrated notes

Levels and vault maps discovered:
D:1:      scummos_arrival_hexagon, layout_loops_ring,
          chequers_ecumenical_altar_island
D:2:      layout_basic, serial_shops, nicolae_shop_stone, basic_altar,
          kennysheep_flooded_box, minmay_tromino_mix6
D:3:      layout_loops_ring, grunt_qazlal_clouds, mainiacjoe_overflow_alcove_4
D:4:      corexii_shantytown, layout_basic, nicolae_dithmenos_shadow_blocks,
          vehumet_crystals
D:5:      layout_basic, serial_aquarium, aquarium_bridge_long_joined
          [aquarium_subvault_wall, aquarium_subvault_bridge,
          aquarium_subvault_window, aquarium_subvault_bridge,
          aquarium_subvault_wall, aquarium_subvault_window],
          aquarium_bridge_square [aquarium_subvault_window,
          aquarium_subvault_window, aquarium_subvault_window,
          aquarium_subvault_bridge], aquarium_window_1, aquarium_window_1,
          aquarium_window_corridor_1, aquarium_view_2d, aquarium_view_2b
D:6:      layout_loops_ring, nicolae_ru_awakened_eye, uniq_grinder
D:7:      layout_loops_corners, kennysheep_mini, nzn_wu_jian_contemplation,
          minmay_temple_entry_purple_smoke
D:8:      cheibrodos_frozen_isle, layout_basic, lemuel_coloured_pillars_altar,
          chequers_temple_overflow_statue_of_worship, chequers_big_river,
          corexii_leaking_fountain, uniq_psyche
D:9:      kennysheep_big_flooded_room, layout_cave_pods, minmay_misc_feat_rows
D:10:     layout_small_grid, elyvilon_altar_1, fedhas_ov_isle_minmay,
          enter_trove_2, enter_bailey_2, nzn_life_drinkers, uniq_josephine,
          uniq_grum, uniq_harold, uniq_gastronok
D:11:     gammafunk_boulding_lane, layout_basic, erik_lair_orcish_takeover,
          serial_shops, shop, kennysheep_mini_moat, nicolae_shop_crystal, shop,
          shop
Lair:1:   beast_lair_carwin_large_2, layout_layer_cave, uniq_urug
Abyss:1:  base:
D:15

Skill      XL: |  1  2  3  4  5  6  7  8  9 10 11 12 |
---------------+-------------------------------------+-----
Maces & Flails | 3 4 5 7 9 10 12 14 | 14.3
Armour         | 4 5 6 7 8 |  8.6
Fighting       | 4 5 6 7 |  7.7
Dodging        | 1 2 3 |  3.2
Shields        | 4 5 |  5.8
Evocations     | 1 |  1.1
Invocations    | 3 5 6 7 |  7.0

Action                   |  1- 3 |  4- 6 |  7- 9 | 10-12 || total
-------------------------+-------+-------+-------+-------++-------
Melee: Flail             |    95 |   221 |       |   478 ||   794
       Morningstar       |       |    42 |   287 |    86 ||   415
Invok: Cleansing Flame   |       |       |       |     4 ||     4
Evoke: Wand              |       |     2 |    14 |     2 ||    18
  Use: Scroll            |       |     3 |     1 |    12 ||    16
       Potion            |       |       |     2 |     6 ||     8
 Stab: Paralysed         |       |     3 |     7 |       ||    10
Armor: Scale mail        |    47 |   171 |   164 |   301 ||   683
Dodge: Dodged            |    48 |   102 |   119 |   239 ||   508
Block: Buckler           |    23 |    64 |    46 |   168 ||   301
